 Dungeon Crawl Stone Soup version 0.25-a0-1133-g93ebf739aa (webtiles) character file.

Game seed: 2126969512252661871, levelgen mode: deterministic

1316 Gwenloh the Sneak (level 8, -7/54 HPs)
             Began as an Octopode Wizard on May 22, 2020.
             Was an Initiate of Nemelex Xobeh.
             Mangled by an orc warrior
             ... wielding a +2 short sword of protection
              (12 damage)
             ... on level 5 of the Dungeon.
             The game lasted 00:45:05 (8579 turns).

Gwenloh the Sneak (Octopode Wizard)                 Turns: 8579, Time: 00:45:05

Health: -7/54      AC:  3    Str:  6    XL:     8   Next: 59%
Magic:  5/12       EV: 15    Int: 20    God:    Nemelex Xobeh [......]
Gold:   331        SH:  0    Dex: 13    Spells: 5/13 levels left

rFire    . . .     SeeInvis .   r - +7 hand axe of the Unkillable {holy, MR+}
rCold    . . .     Gourm    .   (no shield)
rNeg     . . .     Faith    +   a - +0 hat
rPois    .         Spirit   .   e - amulet of faith
rElec    .         Reflect  .   (no ring)
rCorr    .         Harm     .   (no ring)
MR       +....     Rnd*Rage +   (no ring)
Stlth    ++++......             (no ring)
HPRegen  0.18/turn              (no ring)
MPRegen  0.13/turn              (no ring)
                                (no ring)
                                (no ring)

@: no status effects
A: almost no armour, stealthy swim, amphibious, 8 rings, constrict 8, iridescent
scales 1, camouflage 1, berserk 1, mutation resistance 1, gelatinous body 1
a: Draw Escape, Draw Destruction, Draw Summoning, Renounce Religion


You were on level 5 of the Dungeon.
You worshipped Nemelex Xobeh.
Nemelex Xobeh was noncommittal.
You were full.

You visited 1 branch of the dungeon, and saw 6 of its levels.

You collected 331 gold pieces.

Inventory:

Hand Weapons
 b - a +0 club
 i - a +0 dagger
 r - the +7 hand axe of the Unkillable (weapon) {holy, MR+}
   (You found it on level 4 of the Dungeon)

   It has been blessed by the Shining One to cause great damage to the undead
   and demons.
   It affects your resistance to hostile enchantments.
 w - a +0 spear
Missiles
 m - 18 boomerangs (quivered)
Armour
 a - a +0 hat (worn)
Jewellery
 e - an amulet of faith (around mantle)
 x - a cursed ring of attention {unknown}
 y - an uncursed ring of protection from cold {unknown}
Scrolls
 d - a scroll of fear
 f - a scroll of enchant weapon {unknown}
 g - 2 scrolls of immolation {unknown}
 l - a scroll of noise {unknown}
 o - 2 scrolls of teleportation {unknown}
 p - 6 scrolls of identify {unknown}
 q - 2 scrolls of fog {unknown}
 s - 4 scrolls of remove curse
 u - a scroll of random uselessness {unknown}
Potions
 h - a potion of heal wounds {unknown}
 j - a potion of mutation
 k - 2 potions of lignification {unknown}
 n - a potion of invisibility
 t - a potion of curing {unknown}
 v - a potion of haste {unknown}
Comestibles
 c - 4 rations


   Skills:
 + Level 4.1 Fighting
 + Level 4.3 Dodging
 - Level 5.0 Stealth
 - Level 3.0 Spellcasting
 + Level 3.2 Conjurations
 - Level 2.6 Summonings
 - Level 1.0 Translocations
 + Level 3.9 Air Magic
 + Level 4.1 Poison Magic
 + Level 3.1 Invocations


You had 5 spell levels left.
You knew the following spells:

 Your Spells              Type           Power        Failure   Level  Hunger
a - Magic Dart            Conj           ###.         3%          1    None
b - Call Imp              Summ           ##......     8%          2    ##.....
c - Blink                 Tloc           N/A          14%         2    ##.....
d - Mephitic Cloud        Conj/Pois/Air  ###.....     9%          3    ###....

Your spell library contained the following spells:

 Spells                   Type           Power        Failure   Level  Hunger
 Slow                     Hex            #.......     22%         2    ##.....
 Conjure Flame            Conj/Fire      #.......     22%         3    ###....


Dungeon Overview and Level Annotations

Branches:
Dungeon (6/15)             Temple (0/1) D:5

Altars:
Ashenzari
Hepliaklqana
Makhleb
Nemelex Xobeh
Okawaru

Shops:
D:4 %:**   D:5 *


Innate Abilities, Weirdness & Mutations

You cannot wear most types of armour.
You are very stealthy in the water. (Stealth+)
You are amphibious.
You can wear up to eight rings at the same time.
You can use your tentacles to constrict eight enemies at once.
Your skin changes colour to match your surroundings (Stealth+).
Your rubbery body absorbs attacks. (AC +1, EV +1)
You are partially covered in iridescent scales. (AC +2)
You tend to lose your temper in combat.
You are somewhat resistant to further mutation.


Message History

Aiming: Magic Dart (safe; 3% risk of failure)
Press: ? - help, Shift-Dir - straight line, f/p - orc warrior
Aim: an orc warrior, wielding a +2 short sword of protection and wearing a +0 plate armour (lightly wounded, constricted by you)
The magic dart hits the orc warrior but does no damage.
The orc warrior is lightly wounded.
You constrict the orc warrior, but do no damage.
The orc warrior closely misses you.
Your white imp gestures at the orc warrior.
The puff of frost hits the orc warrior but does no damage.
Casting: Magic Dart (safe; 3% risk of failure)
Confirm with . or Enter, or press ? or * to list all spells.
Aiming: Magic Dart (safe; 3% risk of failure)
Press: ? - help, Shift-Dir - straight line, f/p - orc warrior
Aim: an orc warrior, wielding a +2 short sword of protection and wearing a +0 plate armour (lightly wounded, constricted by you)
The magic dart hits the orc warrior but does no damage.
The orc warrior is lightly wounded.
You constrict the orc warrior, but do no damage.
The orc warrior hits you with a +2 short sword of protection!
You die...
Your body disappears without a glow.

#...# ##...###.....# #....
###.######.........########.###
###..............(............# #
.........#######.....#........###
.....>....### #>###.#####.##..#.
............## #.# #..# #.###...
.........##..# #.# ##.####.#####.
[.........##.###o# #.........#..
###..####......5@## #.........#..
# ##........(.....###........).)#
#######...<............#######[##
..............<...####..#### #[#
########..######..# ##....###.# #
####..###..# ####...#÷# #
###.._∩##..# ###))<#
##...÷.###..# #####
##..#..####..#


You could see an orc warrior and a friendly white imp (summoned).

Vanquished Creatures
  2 ice beasts (D:4)
  An orc warrior (D:5)
  An ogre (D:5)
  2 scorpions
  A water moccasin skeleton (D:5)
  A howler monkey (D:4)
  A crimson imp (D:5)
  A centaur zombie (D:5)
  A jelly (D:5)
  4 hounds
  5 orc wizards
  2 centaur skeletons (D:5)
  2 worker ants
  3 gnolls
  A worker ant zombie (D:5)
  3 adders
  A shadow imp (D:5)
  A dart slug (D:4)
  4 leopard geckos
  7 orcs
  A ball python (D:4)
  4 bats
  3 giant cockroaches
  7 goblins
  5 hobgoblins
  12 jackals
  5 kobolds
  A ball python skeleton (D:4)
  7 frilled lizards
  A quokka skeleton (D:5)
  6 rats
96 creatures vanquished.

Vanquished Creatures (collateral kills)
  An ice beast (D:5)
  An ogre (D:5)
  A scorpion (D:5)
  A bullfrog skeleton (D:4)
  An orc wizard (D:6)
  A worker ant (D:3)
  2 orcs (D:6)
8 creatures vanquished.

Grand Total: 104 creatures vanquished

Notes
Turn   | Place    | Note
-------+----------+-------------------------------------------
     0 | D:1      | Gwenloh the Octopode Wizard began the quest for the Orb.
     0 | D:1      | Reached XP level 1. HP: 11/11 MP: 4/4
   287 | D:1      | Reached skill level 3 in Stealth
   287 | D:1      | Reached XP level 2. HP: 18/18 MP: 1/6
   338 | D:1      | Learned a level 2 spell: Call Imp
   341 | D:1      | Learned a level 2 spell: Blink
  1010 | D:1      | Reached skill level 1 in Fighting
  1114 | D:1      | Reached XP level 3. HP: 23/23 MP: 3/7
  2323 | D:3      | Learned a level 3 spell: Mephitic Cloud
  2653 | D:3      | Reached XP level 4. HP: 28/28 MP: 6/8
  2931 | D:3      | Reached skill level 4 in Stealth
  3418 | D:3      | Reached XP level 5. HP: 34/34 MP: 6/9
  4072 | D:4      | Found Tihan's Book Shoppe.
  4130 | D:4      | Found Nawe Ops's Food Boutique.
  4167 | D:4      | Found Suak's Assorted Antiques.
  4174 | D:4      | Got a slimy hand axe
  4188 | D:4      | Identified the +7 hand axe of the Unkillable {holy, MR+}
                  | (You found it on level 4 of the Dungeon)
  4361 | D:4      | Reached skill level 1 in Air Magic
  4369 | D:4      | Reached XP level 6. HP: 35/39 MP: 5/10
  4424 | D:4      | Found a hazy altar of Hepliaklqana.
  4445 | D:4      | Noticed an ice beast
  4458 | D:4      | Gained mutation: You tend to lose your temper in combat.
                  | [potion of mutation]
  4458 | D:4      | Gained mutation: You are partially covered in iridescent
                  | scales. (AC +2) [potion of mutation]
  4458 | D:4      | Gained mutation: You are somewhat resistant to further
                  | mutation. [potion of mutation]
  4969 | D:4      | Killed an ice beast
  4969 | D:4      | Reached skill level 1 in Poison Magic
  5191 | D:4      | Noticed an ice beast
  5353 | D:4      | Killed an ice beast
  5555 | D:4      | Reached XP level 7. HP: 45/45 MP: 3/11
  5639 | D:4      | Found a sparkling altar of Nemelex Xobeh.
  5651 | D:4      | Became a worshipper of Nemelex Xobeh the Trickster
  5676 | D:4      | Found Zapneq Misa's General Store.
  5741 | D:5      | Entered Level 5 of the Dungeon
  5741 | D:5      | Received a gift from Nemelex Xobeh
  5815 | D:5      | Reached skill level 5 in Stealth
  5960 | D:5      | Reached skill level 1 in Invocations
  6758 | D:5      | Reached XP level 8. HP: 52/52 MP: 7/12
  7585 | D:5      | Found a shattered altar of Ashenzari.
  7615 | D:5      | Found a staircase to the Ecumenical Temple.
  7656 | D:5      | Received a gift from Nemelex Xobeh
  7658 | D:5      | Found Xechaese's Assorted Antiques.
  7729 | D:5      | Found a burning altar of Makhleb.
  8091 | D:6      | Found an iron altar of Okawaru.
  8579 | D:5      | Mangled by an orc warrior

Illustrated notes

Levels and vault maps discovered:
D:1:      psy_arrival_conway, layout_basic, serial_park_tiny_2
D:2:      layout_basic, minivault_24, grunt_decor_resistance,
          kennysheep_generic_room_10
D:3:      layout_basic
D:4:      layout_cave_pools, lemuel_round_altar, lemuel_crystal_altar,
          first_ration, serial_shops, shop, nicolae_shop_stone, shop, shop
D:5:      layout_rooms, ashenzari_conservatory_becter,
          makhleb_blood_cavern_becter, temple_doors_e, serial_shops, shop,
          serial_bayou_pond_b
D:6:      layout_cave_pools, amethyst_overflow_temple_binary, okawaru_trees_1,
          serial_shops, nicolae_shop_overgrown_old_shop, uniq_maggie,
          uniq_eustachio

Skill      XL: |  1  2  3  4  5  6  7  8 |
---------------+-------------------------+-----
Stealth        | 3 4 5 |  5.0
Fighting       | 1 2 3 4 |  4.1
Conjurations   | 2 3 |  3.2
Summonings     | 2 |  2.6
Air Magic      | 1 2 3 |  3.9
Poison Magic   | 1 3 4 |  4.1
Dodging        | 3 4 |  4.3
Invocations    | 2 3 |  3.1
Spellcasting   | |  3.0
Translocations | |  1.0

Action                   |  1- 3 |  4- 6 |  7- 9 || total
-------------------------+-------+-------+-------++-------
Melee: Unarmed           |     8 |       |       ||     8
       Constrict         |     5 |     4 |    13 ||    22
       Dagger            |    15 |    14 |       ||    29
       Club              |     3 |       |       ||     3
       Tentacles         |     2 |     3 |     9 ||    14
       Hand axe          |       |    14 |    45 ||    59
 Cast: Magic Dart        |    93 |    82 |   146 ||   321
       Call Imp          |       |    13 |    14 ||    27
       Mephitic Cloud    |       |       |     1 ||     1
Invok: Draw Destruction  |       |       |     1 ||     1
       Draw Summoning    |       |       |     1 ||     1
  Use: Scroll            |     2 |       |       ||     2
       Potion            |       |     2 |       ||     2
  Eat: Chunk             |     5 |     5 |     9 ||    19
       Ration            |       |     1 |     2 ||     3
Armor: Skin              |     3 |     3 |     9 ||    15
Dodge: Dodged            |    21 |    20 |    46 ||    87

Table legend:
 A = Non-vault XP
 B = Vault XP
 C = Vault XP percentage of total XP
 D = Non-vault monster count
 E = Vault monster count
 F = Vault count percentage of total count
                 A         B        C        D         E       F
            +---------+---------+-------+---------+---------+-------
      Total |    1731 |     150 |   8.0 |      99 |       5 |   4.8
            +---------+---------+-------+---------+---------+-------
        D:1 |      35 |       0 |   0.0 |      20 |       0 |   0.0
        D:2 |      17 |       0 |   0.0 |      11 |       0 |   0.0
        D:3 |     121 |       0 |   0.0 |      23 |       0 |   0.0
        D:4 |     515 |       0 |   0.0 |      14 |       0 |   0.0
        D:5 |    1020 |     150 |  12.8 |      28 |       5 |  15.2
        D:6 |      23 |       0 |   0.0 |       3 |       0 |   0.0
            +---------+---------+-------+---------+---------+-------
